 Dungeon Crawl Stone Soup version 0.30.0-18-gc0e69614cb (webtiles) character file.

Game seed: 7818236335117463867

87 Josd the Insei (level 4, 0/34 HPs)
             Began as a Gnoll Transmuter on May 23, 2023.
             Slain by Jessica
             ... wielding a +3 dagger of speed
              (3 damage)
             ... on level 3 of the Dungeon.
             The game lasted 00:18:06 (1748 turns).

Josd the Insei (Gnoll Transmuter)                   Turns: 1748, Time: 00:18:06

Health: 0/34       AC:  2    Str:  9    XL:     4   Next: 51%
Magic:  11/11      EV: 14    Int: 12    God:
Gold:   103        SH:  0    Dex: 15    Spells: 7/13 levels left

rFire   . .          .
                       - Unarmed
rCold   . . .        (no shield)
rNeg    . . .        a - +0 robe
rPois   .            (helmet currently unavailable)
rElec   .            (no cloak)
rCorr   .            (no gloves)
SInv    .            (boots currently unavailable)
Will    .....        (no amulet)
Stlth   ++           (no ring)
HPRegen 0.25/turn    (no ring)
MPRegen 0.12/turn

%: no passive effects
@: appendages (expiring), slowed, very slow
A: horns 2, talons 2, fangs 1, strong nose, distributed training
a: End Transformation


You were on level 3 of the Dungeon.
You had temporarily grown beastly horns and talons.
You visited 1 branch of the dungeon, and saw 3 of its levels.

You collected 103 gold pieces.

Inventory:

Hand Weapons
 d - a +0 sling
 g - a +6 dagger
 k - a +1 mace of protection
Armour
 a - a +0 robe (worn)
Wands
 l - a wand of polymorph (2)
Scrolls
 c - a scroll of amnesia {unknown}
 f - a scroll of poison {unknown}
 i - 2 scrolls of enchant armour {unknown}
Potions
 b - 2 potions of lignification
 e - a potion of mutation {unknown}
 j - 3 potions of curing {unknown}
 m - 2 potions of might {unknown}


   Skills:
 + Level 2.8 Fighting
 + Level 1.2 Short Blades
 + Level 1.2 Long Blades
 + Level 1.2 Axes
 + Level 1.2 Maces & Flails
 + Level 1.2 Polearms
 + Level 1.2 Staves
 + Level 1.2 Ranged Weapons
 + Level 1.2 Throwing
 + Level 1.2 Armour
 + Level 4.7 Dodging
 + Level 1.2 Stealth
 + Level 1.2 Shields
 + Level 6.6 Unarmed Combat
 + Level 5.1 Spellcasting
 + Level 1.0 Conjurations
 + Level 1.0 Hexes
 + Level 1.0 Summonings
 + Level 1.0 Necromancy
 + Level 1.0 Translocations
 + Level 3.9 Transmutations
 + Level 1.0 Fire Magic
 + Level 1.0 Ice Magic
 + Level 1.0 Air Magic
 + Level 1.0 Earth Magic
 + Level 1.0 Poison Magic
 + Level 1.3 Invocations
 + Level 1.2 Evocations


You had 7 spell levels left.
You knew the following spells:

 Your Spells              Type           Power      Damage    Failure   Level
a - Beastly Appendage     Tmut           24%        N/A       4%          1
b - Spider Form           Tmut/Pois      8%         N/A       22%         3
c - Wereblood             Tmut           12%        N/A       6%          2

Your spell library contained the following spells:

 Spells                   Type           Power      Damage    Failure   Level
 Magic Dart               Conj           20%        1d4       13%         1
 Necrotise                Necr           20%        1d5       13%         1
 Searing Ray              Conj           10%        2d4       21%         2
 Vampiric Draining        Necr           5%         2d6       36%         3
 Ice Form                 Ice/Tmut       8%         N/A       58%         4
 Fulminant Prism          Conj/Hex       2%         3d5       78%         4
 Agony                    Necr           5%         N/A       98%         5


Dungeon Overview and Level Annotations

Branches:
Dungeon (3/15)

Altars:

Annotations:
D:3 Grinder, Jessica


Innate Abilities, Weirdness & Mutations

You have temporarily grown beastly horns and talons.
You have very sharp teeth.
Your uncanny sense of smell can sniff out nearby items.
Your experience applies equally to all skills.


Message History

Grinder says, "Are you a fish?"
Grinder blinks!
Jessica the Apprentice Sorceress comes into view.
She is wielding a +3 dagger of speed.
Grinder hits you!
You writhe in agony.
You closely miss Grinder.
Jessica shouts!
Your kick misses Grinder. Your bite misses Grinder.
Grinder is moderately wounded.
Grinder barely misses you.
You hit Grinder but do no damage. You claw Grinder.
Grinder is moderately wounded.
A worm comes into view.
Grinder hits you.
You writhe in agony.
You are too injured to fight recklessly!
You are too injured to fight recklessly!
Jessica mumbles some strange words.
Jessica seems to speed up.
You are too injured to fight recklessly!
You are too injured to fight recklessly!
Jessica casts a spell.
Jessica blinks!
Grinder blinks!
You are too injured to fight recklessly!
Annotate which branch? (. - D:3, ? - help, ! - show branch list)
Okay, then.
Jessica says, "I'm really upset."
Jessica hits you with a +3 dagger of speed.
Jessica casts a spell at you.
You feel yourself slow down.
There is an open door, spattered with blood here.
Jessica attacks as you move away! Jessica barely misses you.
Your transformation is almost over.
Jessica hits you with a +3 dagger of speed.
* * * LOW HITPOINT WARNING * * *
Jessica closely misses you. x2; Grinder blinks!
Jessica hits you with a +3 dagger of speed.
* * * LOW HITPOINT WARNING * * *
Jessica hits you with a +3 dagger of speed.
* * * LOW HITPOINT WARNING * * *
Jessica hits you with a +3 dagger of speed.
You die...

...# .# ...# ###.# #########
...####... #.......# ........####
### #.......# ......<....# ...
#.......#โˆ† #'##...#.#.###
#.####.......# #........#...#
...##.......# โ‰ˆ
#######......#####.##.......#..โ‰ˆ
...............@@..'..w....'...
##.#.......######.##.......#ยง
#.#.....# #.#...#....# #....#'####
..#.###........ ...#..#.# #.##.
#.##..... .#.#..#.# #. .. #.#
..... . .....# ##### #.. #... ...
### ### ... ##. ..


You could see a worm and Jessica (fast).

Vanquished Creatures
  4 adders
  2 worms (D:2)
  A dart slug (D:1)
  6 ball pythons
  3 bats
  3 endoplasms (D:1)
  A giant cockroach (D:1)
  3 hobgoblins (D:1)
  4 jackals (D:2)
  2 quokkas (D:1)
  6 frilled lizards
  3 goblins
  5 kobolds
  A rat (D:2)
44 creatures vanquished.

Vanquished Creatures (others)
  A bat (D:2)
1 creature vanquished.

Grand Total: 45 creatures vanquished

Notes
Turn   | Place    | Note
-------+----------+-------------------------------------------
     0 | D:1      | Josd the Gnoll Transmuter began the quest for the Orb.
     0 | D:1      | Reached XP level 1. HP: 17/17 MP: 6/6
   176 | D:1      | Reached XP level 2. HP: 20/23 MP: 7/7
   436 | D:1      | Reached skill level 5 in Spellcasting
   436 | D:1      | Reached XP level 3. HP: 23/28 MP: 7/9
   919 | D:2      | Reached skill level 1 in Invocations
  1113 | D:2      | Reached skill level 1 in Short Blades
  1113 | D:2      | Reached skill level 1 in Long Blades
  1113 | D:2      | Reached skill level 1 in Axes
  1113 | D:2      | Reached skill level 1 in Maces & Flails
  1113 | D:2      | Reached skill level 1 in Polearms
  1113 | D:2      | Reached skill level 1 in Staves
  1113 | D:2      | Reached skill level 1 in Ranged Weapons
  1113 | D:2      | Reached skill level 1 in Throwing
  1113 | D:2      | Reached skill level 1 in Armour
  1113 | D:2      | Reached skill level 1 in Stealth
  1113 | D:2      | Reached skill level 1 in Shields
  1113 | D:2      | Reached skill level 1 in Evocations
  1303 | D:2      | Reached XP level 4. HP: 29/34 MP: 11/11
  1322 | D:2      | Learned a level 3 spell: Spider Form
  1326 | D:2      | Learned a level 2 spell: Wereblood
  1730 | D:3      | Reached skill level 1 in Conjurations
  1730 | D:3      | Reached skill level 1 in Hexes
  1730 | D:3      | Reached skill level 1 in Summonings
  1730 | D:3      | Reached skill level 1 in Necromancy
  1730 | D:3      | Reached skill level 1 in Translocations
  1730 | D:3      | Reached skill level 1 in Fire Magic
  1730 | D:3      | Reached skill level 1 in Ice Magic
  1730 | D:3      | Reached skill level 1 in Air Magic
  1730 | D:3      | Reached skill level 1 in Earth Magic
  1730 | D:3      | Reached skill level 1 in Poison Magic
  1730 | D:3      | Noticed Grinder
  1736 | D:3      | Noticed Jessica
  1748 | D:3      | Slain by Jessica

Illustrated notes

Levels and vault maps discovered:
D:1:      amcnicky_arrival_gap_in_the_tavern_cellar, layout_basic,
          minmay_heptomino_d4
D:2:      layout_basic, minmay_tripent
D:3:      layout_basic, elyvilon_altar_1, lemuel_crystal_altar,
          nicolae_uskayaw_murder_on_the_dancefloor, nicolae_hexahallways,
          chequers_serial_rivers_micro_d, uniq_jessica, uniq_grinder

Skill      XL: |  1  2  3  4 |
---------------+-------------+-----
Spellcasting   | 5 |  5.1
Invocations    | 1 |  1.3
Short Blades   | 1 |  1.2
Long Blades    | 1 |  1.2
Axes           | 1 |  1.2
Maces & Flails | 1 |  1.2
Polearms       | 1 |  1.2
Staves         | 1 |  1.2
Ranged Weapons | 1 |  1.2
Throwing       | 1 |  1.2
Armour         | 1 |  1.2
Stealth        | 1 |  1.2
Shields        | 1 |  1.2
Evocations     | 1 |  1.2
Conjurations   | 1 |  1.0
Hexes          | 1 |  1.0
Summonings     | 1 |  1.0
Necromancy     | 1 |  1.0
Translocations | 1 |  1.0
Fire Magic     | 1 |  1.0
Ice Magic      | 1 |  1.0
Air Magic      | 1 |  1.0
Earth Magic    | 1 |  1.0
Poison Magic   | 1 |  1.0
Fighting       | |  2.8
Dodging        | |  4.7
Unarmed Combat | |  6.6
Transmutations | |  3.9

Action                     |  1- 3 |  4- 6 || total
---------------------------+-------+-------++-------
  Melee: Unarmed           |   119 |    29 ||   148
         Bite              |    13 |     3 ||    16
         Kick              |     7 |     8 ||    15
         Headbutt          |     5 |     5 ||    10
         Punch             |     4 |     1 ||     5
   Cast: Beastly Appendage |     7 |     3 ||    10
         Wereblood         |       |     1 ||     1
    Use: Scroll            |     2 |       ||     2
         Potion            |     2 |       ||     2
   Stab: Sleeping          |     1 |     1 ||     2
 Armour: Robe              |    30 |       ||    30
  Dodge: Dodged            |   123 |    16 ||   139
